[Event "46th GRE-chT Premier 2018"]
[Site "Rio Achaia"]
[Date "2018.07.11"]
[Round "2"]
[White "Dimopoulos, Dimitrios"]
[Black "Tsomis, Dimitrios"]
[Result "1-0"]
[ECO "A05"]
[WhiteElo "1944"]
[BlackElo "1938"]
[Annotator "NA"]
[PlyCount "167"]
[EventDate "2018.07.10"]
[EventType "team-tourn"]
[EventCountry "GRE"]
[SourceTitle "playchess.com"]
[Source "ChessBase"]
[SourceQuality "1"]
[TimeControl "40/5400+30:1800+30"]

1. Nf3 Nf6 2. g3 g6 3. Bg2 Bg7 4. O-O O-O 5. d3 c5 6. e4 d6 7. Nbd2 Nc6 8. c3 Qc7 9. Qe2 a6 10. h3 Rb8 11. d4 e5 12. dxe5 dxe5 13. Re1 b5 14. Nf1 Be6 15. Qc2 h6 16. Ne3 Rbd8 17. Nd2 c4 18. Ndf1 Rd7 19. Bd2 Rfd8 20. Rad1 Rd3 21. Bc1 Qd7 22. Kh2 Ne7 23. Nd2 Qc7 24. Bf1 R3d6 25. b3 cxb3 26. axb3 Rc6 27. Bb2 Nd7 28. Qb1 Nc5 29. c4 bxc4 30. bxc4 Rb6 31. Qc2 Rdb8 32. Bc3 Nc6 33. Nd5 Bxd5 34. cxd5 Nd4 35. Bxd4 exd4 36. Rc1 Rb2 37. Qxc5 Qxc5 38. Rxc5 Rxd2 39. Kg1 Rbb2 40. d6 d3 41. d7 Bf6 42. Rc8+ Kg7 43. d8=Q Bxd8 44. Rxd8 Rxf2 45. Rxd3 Ra2 46. Rde3 a5 47. R1e2 Rfxe2 48. Rxe2 Ra1 49. Kf2 Kf6 50. Rd2 a4 51. Bc4 a3 52. Bd5 Rc1 53. Ke3 Ke7 54. Kd4 g5 55. Ra2 Rd1+ 56. Ke3 Rh1 57. Rxa3 Rxh3 58. Kf3 h5 59. Kg2 g4 60. Ra7+ Kd6 61. Rxf7 h4 62. gxh4 Rxh4 63. Kg3 Rh1 64. Kxg4 Rg1+ 65. Kf5 Rf1+ 66. Kg6 Rg1+ 67. Kf6 Rf1+ 68. Kg7 Rg1+ 69. Kf8 Rh1 70. Rf6+ Kd7 71. Kf7 Rh7+ 72. Kg6 Rh2 73. Kg5 Rg2+ 74. Kf5 Rh2 75. Ke5 Rh5+ 76. Rf5 Rh2 77. Rf7+ Ke8 78. Ke6 Rh6+ 79. Rf6 Rh8 80. e5 Kd8 81. Kd6 Kc8 82. Rg6 Rd8+ 83. Kc6 Kb8 84. Rg8 1-0

[Event "46th GRE-chT Premier 2018"]
[Site "Rio Achaia"]
[Date "2018.07.11"]
[Round "2"]
[White "Marinakis, Hristos"]
[Black "Serpetsidakis, Nikolaos"]
[Result "1/2-1/2"]
[ECO "D02"]
[WhiteElo "1942"]
[BlackElo "2087"]
[Annotator "NA"]
[PlyCount "113"]
[EventDate "2018.07.10"]
[EventType "team-tourn"]
[EventCountry "GRE"]
[SourceTitle "playchess.com"]
[Source "ChessBase"]
[SourceQuality "1"]
[TimeControl "40/5400+30:1800+30"]

1. d4 d5 2. Nf3 Nf6 3. c4 c6 4. Qc2 dxc4 5. Qxc4 Bg4 6. Nbd2 Nbd7 7. g3 e6 8. Bg2 Be7 9. O-O O-O 10. Rd1 a5 11. Ne5 Bh5 12. Nxd7 Qxd7 13. Ne4 Rfc8 14. Nxf6+ Bxf6 15. Bf4 Rd8 16. Rd2 g5 17. Be3 Bg6 18. Rad1 Ra6 19. Qc1 Qe7 20. f3 Qb4 21. Bf2 Raa8 22. e4 Rac8 23. Be3 Bh5 24. Rd3 h6 25. Qd2 Qxd2 26. R1xd2 Rd7 27. f4 Bg6 28. Ra3 Be7 29. Rad3 Rcd8 30. g4 gxf4 31. Bxf4 c5 32. d5 c4 33. Rh3 Bg5 34. Bxg5 hxg5 35. Rc3 exd5 36. Rxd5 Rxd5 37. exd5 Bd3 38. a4 Be2 39. Kf2 Bxg4 40. Rxc4 Bd7 41. b4 axb4 42. Rxb4 b6 43. Rxb6 Bxa4 44. Bf3 Kf8 45. Rb4 Bd7 46. h4 gxh4 47. Rxh4 Ke7 48. Rh6 Bf5 49. Rb6 Rd6 50. Rxd6 Kxd6 51. Ke3 Ke5 52. Bh5 f6 53. Bf7 Bc8 54. Bg6 Bb7 55. d6 Bc6 56. Bh7 Kxd6 57. Kd4 {Kd5+} 1/2-1/2

[Event "46th GRE-chT Premier 2018"]
[Site "Rio Achaia"]
[Date "2018.07.11"]
[Round "2"]
[White "Papadopoulos, Asterios"]
[Black "Georgakopoulos, Nikolaos K"]
[Result "1-0"]
[ECO "A00"]
[WhiteElo "1918"]
[BlackElo "2033"]
[Annotator "NA"]
[PlyCount "57"]
[EventDate "2018.07.10"]
[EventType "team-tourn"]
[EventCountry "GRE"]
[SourceTitle "playchess.com"]
[Source "ChessBase"]
[SourceQuality "1"]
[TimeControl "40/5400+30:1800+30"]

1. e3 Nf6 2. Nf3 g6 3. c4 Bg7 4. d4 d6 5. Be2 Nbd7 6. Nc3 O-O 7. e4 e5 8. dxe5 dxe5 9. O-O c6 10. Be3 Qe7 11. Qc2 h6 12. Rab1 Ne8 13. b4 f5 14. Bc1 f4 15. b5 c5 16. Qd3 g5 17. Nd5 Qe6 18. a4 Kh8 19. Rb3 Bf6 20. Nd2 g4 21. Nb1 Bd8 22. f3 h5 23. Qd1 Nef6 24. Nbc3 Ba5 25. Ba3 Rg8 26. Nxf6 Nxf6 27. Nd5 g3 28. h3 Nh7 29. Bb2 1-0

[Event "46th GRE-chT Premier 2018"]
[Site "Rio Achaia"]
[Date "2018.07.11"]
[Round "2"]
[White "Gkonelas, Nikolaos"]
[Black "Sourgkounis, Angelos"]
[Result "1-0"]
[ECO "B16"]
[WhiteElo "1917"]
[BlackElo "1976"]
[Annotator "NA"]
[PlyCount "61"]
[EventDate "2018.07.10"]
[EventType "team-tourn"]
[EventCountry "GRE"]
[SourceTitle "playchess.com"]
[Source "ChessBase"]
[SourceQuality "1"]
[TimeControl "40/5400+30:1800+30"]

1. e4 c6 2. d4 d5 3. Nc3 dxe4 4. Nxe4 Nf6 5. Nxf6+ gxf6 6. Nf3 Bg4 7. Be2 Qc7 8. Be3 e6 9. c3 Bd6 10. Nd2 Bf5 11. Nc4 Be7 12. Qd2 Nd7 13. Bf4 e5 14. Bg3 O-O-O 15. Qe3 Rhe8 16. dxe5 Bc5 17. Qf3 Be6 18. exf6 Bxc4 19. Bxc7 Bxe2 20. Qf4 Bb5+ 21. Kd1 Be2+ 22. Kc1 Re6 23. Bxd8 Ne5 24. Kc2 Bd3+ 25. Kd2 Kxd8 26. Rhe1 Bd6 27. Qd4 c5 28. Qxd3 Nxd3 29. Rxe6 fxe6 30. Kxd3 Ke8 31. Ke4 1-0

[Event "46th GRE-chT Premier 2018"]
[Site "Rio Achaia"]
[Date "2018.07.11"]
[Round "2"]
[White "Pavlidis, Pavlos"]
[Black "Apostolakakis, Konstantinos"]
[Result "0-1"]
[ECO "B51"]
[WhiteElo "1906"]
[BlackElo "2028"]
[Annotator "NA"]
[PlyCount "84"]
[EventDate "2018.07.10"]
[EventType "team-tourn"]
[EventCountry "GRE"]
[SourceTitle "playchess.com"]
[Source "ChessBase"]
[SourceQuality "1"]
[TimeControl "40/5400+30:1800+30"]

1. e4 c5 2. Nf3 d6 3. Bb5+ Nd7 4. O-O a6 5. Bd3 Ngf6 6. Re1 e6 7. c3 Be7 8. Bc2 O-O 9. d4 b5 10. Nbd2 Bb7 11. Nf1 Re8 12. Ng3 Qc7 13. Bf4 e5 14. Bg5 g6 15. d5 c4 16. h4 Nc5 17. Nh2 Bc8 18. Qf3 Ncd7 19. Bh6 a5 20. Nf5 Bf8 21. Bxf8 Nxf8 22. Nd4 exd4 23. Qxf6 d3 24. Bd1 Nd7 25. Qf4 Ne5 26. h5 Qe7 27. h6 Ra7 28. Bg4 Bxg4 29. Nxg4 Nxg4 30. Qxg4 Qf6 31. f4 Rae7 32. a3 Kf8 33. Qf3 Qh4 34. e5 Qxh6 35. Qf2 Qh5 36. exd6 Rxe1+ 37. Rxe1 Rxe1+ 38. Qxe1 Qxd5 39. f5 Qxd6 40. fxg6 hxg6 41. Qe3 d2 42. Qh6+ Kg8 0-1

[Event "46th GRE-chT Premier 2018"]
[Site "Rio Achaia"]
[Date "2018.07.11"]
[Round "2"]
[White "Vallianos, Gerasimos"]
[Black "Papadopoulos, Panteleimon"]
[Result "1-0"]
[ECO "D37"]
[WhiteElo "1899"]
[BlackElo "1422"]
[Annotator "NA"]
[PlyCount "57"]
[EventDate "2018.07.10"]
[EventType "team-tourn"]
[EventCountry "GRE"]
[SourceTitle "playchess.com"]
[Source "ChessBase"]
[SourceQuality "1"]
[TimeControl "40/5400+30:1800+30"]

1. d4 d5 2. Nf3 Nf6 3. c4 e6 4. Nc3 Be7 5. Bg5 Nbd7 6. e3 b6 7. cxd5 exd5 8. Bd3 Bb7 9. Qa4 O-O 10. Ne5 Re8 11. Nc6 Bxc6 12. Qxc6 h6 13. Bf4 Rc8 14. O-O Nf8 15. Ba6 Rb8 16. Bxc7 Rc8 17. Bxc8 Qxc8 18. Rac1 Ne6 19. Nb5 a6 20. Nd6 Bxd6 21. Bxd6 Qd8 22. Bc7 Nxc7 23. Qxc7 Qb8 24. Qxb8 Rxb8 25. Rc7 g6 26. Rfc1 Kg7 27. Rc8 Rb7 28. R1c7 Rxc7 29. Rxc7 1-0

[Event "46th GRE-chT Premier 2018"]
[Site "Rio Achaia"]
[Date "2018.07.11"]
[Round "2"]
[White "Gkikas, Vasilios"]
[Black "Malataras, Gerasimos"]
[Result "1/2-1/2"]
[ECO "A77"]
[WhiteElo "1892"]
[BlackElo "1823"]
[Annotator "NA"]
[PlyCount "116"]
[EventDate "2018.07.10"]
[EventType "team-tourn"]
[EventCountry "GRE"]
[SourceTitle "playchess.com"]
[Source "ChessBase"]
[SourceQuality "1"]
[TimeControl "40/5400+30:1800+30"]

1. d4 Nf6 2. c4 c5 3. d5 e6 4. Nc3 exd5 5. cxd5 d6 6. e4 g6 7. Nf3 Bg7 8. Be2 O-O 9. Nd2 Re8 10. O-O Nbd7 11. Qc2 Ne5 12. Re1 Nfg4 13. Nf1 f5 14. Bf4 a6 15. a4 Nf6 16. Ne3 Nxe4 17. Nxe4 fxe4 18. Qxe4 g5 19. Bg3 Ng4 20. Qc2 Nxe3 21. fxe3 Be5 22. Bxe5 Rxe5 23. Bd3 Qe7 24. e4 Bf5 25. Re2 Bg6 26. Rae1 Rc8 27. Qc4 Be8 28. Qc1 Bxa4 29. Rf2 Be8 30. Ref1 Bg6 31. h4 gxh4 32. Qh6 Qg7 33. Qxh4 Rh5 34. Qf4 Qe5 35. Qxe5 Rxe5 36. Rf6 Rd8 37. R6f4 Rde8 38. Rf6 Rd8 39. R6f4 Kg7 40. Rf6 Ree8 41. g4 Rd7 42. R6f4 Re5 43. Kg2 Rf7 44. Rxf7+ Bxf7 45. Kf3 Bg6 46. Re1 Re8 47. Rc1 Re7 48. g5 Kf7 49. Ke3 Ke8 50. b4 cxb4 51. Rb1 Rc7 52. Rxb4 Ke7 53. Rb1 Be8 54. Rh1 Bg6 55. Kd4 Rc8 56. Rb1 Rc7 57. Rh1 Rc8 58. Rb1 Rc7 1/2-1/2

[Event "46th GRE-chT Premier 2018"]
[Site "Rio Achaia"]
[Date "2018.07.11"]
[Round "2"]
[White "Georgiadis, Alexandros"]
[Black "Kalofonos, Panayotis"]
[Result "1/2-1/2"]
[ECO "A88"]
[WhiteElo "1882"]
[BlackElo "1896"]
[Annotator "NA"]
[PlyCount "66"]
[EventDate "2018.07.10"]
[EventType "team-tourn"]
[EventCountry "GRE"]
[SourceTitle "playchess.com"]
[Source "ChessBase"]
[SourceQuality "1"]
[TimeControl "40/5400+30:1800+30"]

1. d4 f5 2. c4 g6 3. Nf3 Nf6 4. g3 Bg7 5. Bg2 O-O 6. O-O d6 7. Nc3 c6 8. b3 Qc7 9. Qc2 e5 10. dxe5 dxe5 11. Ba3 Re8 12. e4 f4 13. Rad1 Bf8 14. Bxf8 Kxf8 15. Rd2 Na6 16. a3 Bg4 17. h3 Bxf3 18. Bxf3 Nc5 19. Kg2 Rad8 20. Rfd1 Rxd2 21. Rxd2 fxg3 22. fxg3 Rd8 23. b4 Ne6 24. c5 Nd4 25. Qd1 Ke7 26. Be2 Ne6 27. Rxd8 Qxd8 28. Qxd8+ Kxd8 29. h4 Nd4 30. Bd1 b6 31. cxb6 axb6 32. Kf2 Kc7 33. Ke3 Kd6 {[%emt 0:00:34] Kxd4} 1/2-1/2

[Event "46th GRE-chT Premier 2018"]
[Site "Rio Achaia"]
[Date "2018.07.11"]
[Round "2"]
[White "Berbatis, Antonios"]
[Black "Symeonidis, Theofilos"]
[Result "1-0"]
[ECO "B90"]
[WhiteElo "1881"]
[BlackElo "1605"]
[Annotator "NA"]
[PlyCount "55"]
[EventDate "2018.07.10"]
[EventType "team-tourn"]
[EventCountry "GRE"]
[SourceTitle "playchess.com"]
[Source "ChessBase"]
[SourceQuality "1"]
[TimeControl "40/5400+30:1800+30"]

1. e4 c5 2. Nf3 d6 3. d4 cxd4 4. Nxd4 Nf6 5. Nc3 a6 6. h3 e6 7. g4 d5 8. Bg2 dxe4 9. Nxe4 Nxe4 10. Bxe4 Bc5 11. Be3 Nd7 12. Qd2 Nf6 13. Bd3 Qd5 14. O-O-O Qxa2 15. Nb3 Bxe3 16. Qxe3 O-O 17. g5 Nd5 18. Qe4 g6 19. h4 a5 20. h5 a4 21. hxg6 axb3 22. Rxh7 Qa1+ 23. Kd2 Qa5+ 24. Ke2 Nc3+ 25. bxc3 Qxg5 26. g7 Rd8 27. Rh8+ Kxg7 28. Qh7+ 1-0

[Event "46th GRE-chT Premier 2018"]
[Site "Rio Achaia"]
[Date "2018.07.11"]
[Round "2"]
[White "Bardis, Harilaos-Panagiotis"]
[Black "Gavriil, Odysseas-Panagiotis"]
[Result "0-1"]
[ECO "B50"]
[WhiteElo "1866"]
[BlackElo "1910"]
[Annotator "NA"]
[PlyCount "120"]
[EventDate "2018.07.10"]
[EventType "team-tourn"]
[EventCountry "GRE"]
[SourceTitle "playchess.com"]
[Source "ChessBase"]
[SourceQuality "1"]
[TimeControl "40/5400+30:1800+30"]

1. e4 c5 2. Nf3 d6 3. c3 Nf6 4. h3 Nc6 5. Bd3 g6 6. Bc2 Bg7 7. O-O O-O 8. d4 e5 9. Na3 Qe7 10. dxc5 dxc5 11. Bg5 h6 12. Be3 b6 13. Nc4 Bb7 14. Qe2 Rad8 15. Rad1 Nh5 16. Rxd8 Rxd8 17. Rd1 Nf4 18. Rxd8+ Qxd8 19. Qd2 Qxd2 20. Bxd2 Ne6 21. g3 Kf8 22. Bc1 Ke7 23. Nh2 h5 24. Nf1 b5 25. Nce3 Nc7 26. f3 Nd8 27. a4 a6 28. axb5 axb5 29. Nd2 Nde6 30. Nb1 Kd7 31. Na3 Bf8 32. Bd3 c4 33. Bf1 Bc5 34. Kg2 Bxa3 35. bxa3 Nc5 36. Nc2 Nxe4 37. fxe4 Bxe4+ 38. Kf2 Bxc2 39. Bg2 Bf5 40. Be3 Be6 41. Bb6 Kd6 42. h4 f5 43. Bb7 Bd7 44. Bf3 Na6 45. Ke1 Bc6 46. Be2 Nc5 47. Bxc5+ Kxc5 48. Kd2 f4 49. gxf4 exf4 50. Bf1 Kd6 51. Ke2 Ke5 52. Bh3 Kf6 53. Kf2 g5 54. hxg5+ Kxg5 55. Bc8 Kf6 56. Bh3 Ke5 57. Ke2 Kd6 58. Bf5 Kc5 59. Kf2 Kb6 60. Bc2 Ka5 0-1

[Event "46th GRE-chT Premier 2018"]
[Site "Rio Achaia"]
[Date "2018.07.11"]
[Round "2"]
[White "Pasoglou, Ekaterini"]
[Black "Kokkota, Fotini"]
[Result "1-0"]
[ECO "B90"]
[WhiteElo "1849"]
[BlackElo "1615"]
[Annotator "NA"]
[PlyCount "53"]
[EventDate "2018.07.10"]
[EventType "team-tourn"]
[EventCountry "GRE"]
[SourceTitle "playchess.com"]
[Source "ChessBase"]
[SourceQuality "1"]
[TimeControl "40/5400+30:1800+30"]

1. e4 c5 2. Nf3 d6 3. d4 cxd4 4. Nxd4 Nf6 5. Nc3 a6 6. Nb3 e6 7. g4 b5 8. g5 Nfd7 9. a3 Bb7 10. Bg2 Qc7 11. Be3 Ne5 12. Nd2 Nbd7 13. f4 Nc4 14. Nxc4 bxc4 15. Qe2 Be7 16. O-O Rd8 17. Rae1 O-O 18. f5 exf5 19. exf5 Rfe8 20. Qg4 Ne5 21. Qg3 d5 22. Bf4 Bd6 23. Kh1 d4 24. Ne4 d3 25. cxd3 Nxd3 26. Bxd6 Rxd6 27. Nf6+ 1-0

[Event "46th GRE-chT Premier 2018"]
[Site "Rio Achaia"]
[Date "2018.07.11"]
[Round "2"]
[White "Papadopoulos, Zisis"]
[Black "Tsekmes, Dimitrios"]
[Result "1/2-1/2"]
[ECO "E15"]
[WhiteElo "1834"]
[BlackElo "2170"]
[Annotator "NA"]
[PlyCount "64"]
[EventDate "2018.07.10"]
[EventType "team-tourn"]
[EventCountry "GRE"]
[SourceTitle "playchess.com"]
[Source "ChessBase"]
[SourceQuality "1"]
[TimeControl "40/5400+30:1800+30"]

1. d4 Nf6 2. c4 e6 3. Nf3 b6 4. g3 Ba6 5. Qc2 c5 6. b3 cxd4 7. Nxd4 Bb7 8. Nf3 Nc6 9. Bg2 Nd4 10. Qb2 Nxf3+ 11. exf3 d5 12. f4 Bc5 13. O-O O-O 14. b4 Be7 15. Be3 Qc7 16. Nd2 dxc4 17. Bxb7 Qxb7 18. Nxc4 Rac8 19. Ne5 Nd5 20. Bd2 b5 21. Rac1 h5 22. h4 Bf6 23. a3 Nb6 24. Bc3 Rfd8 25. Qe2 Nd5 26. Ba1 g6 27. Rc5 a6 28. Rfc1 Be7 29. R5c2 Bf6 30. Rc5 Be7 31. R5c2 Bf6 32. Rc5 Be7 1/2-1/2

[Event "46th GRE-chT Premier 2018"]
[Site "Rio Achaia"]
[Date "2018.07.11"]
[Round "2"]
[White "Sotiropoulos, Anastasios-Theohar"]
[Black "Apostolidis, Angelos"]
[Result "1-0"]
[ECO "E67"]
[WhiteElo "1834"]
[BlackElo "1117"]
[Annotator "NA"]
[PlyCount "65"]
[EventDate "2018.07.10"]
[EventType "team-tourn"]
[EventCountry "GRE"]
[SourceTitle "playchess.com"]
[Source "ChessBase"]
[SourceQuality "1"]
[TimeControl "40/5400+30:1800+30"]

1. Nf3 Nf6 2. c4 g6 3. g3 Bg7 4. Bg2 O-O 5. O-O d6 6. d4 Nbd7 7. Nc3 e5 8. h3 Rb8 9. e4 Re8 10. Re1 b6 11. Be3 Bb7 12. d5 c5 13. dxc6 Bxc6 14. Qxd6 Bxe4 15. Rad1 Re6 16. Qd2 Bc6 17. Ng5 Qe7 18. Nxe6 Qxe6 19. Nd5 Bxd5 20. cxd5 Qd6 21. Rc1 Nc5 22. Bg5 a5 23. Be3 Rd8 24. Bxc5 bxc5 25. Qxa5 Nxd5 26. Red1 Qc6 27. Qxd8+ Bf8 28. Rxd5 Qf6 29. Qxf6 Bg7 30. Rd8+ Bf8 31. Rxc5 h5 32. Rxf8+ Kxf8 33. Rc8# 1-0

[Event "46th GRE-chT Premier 2018"]
[Site "Rio Achaia"]
[Date "2018.07.11"]
[Round "2"]
[White "Petraki, Evaggelia"]
[Black "Stellaki, Alexandra"]
[Result "1-0"]
[ECO "B13"]
[WhiteElo "1814"]
[BlackElo "1241"]
[Annotator "NA"]
[PlyCount "125"]
[EventDate "2018.07.10"]
[EventType "team-tourn"]
[EventCountry "GRE"]
[SourceTitle "playchess.com"]
[Source "ChessBase"]
[SourceQuality "1"]
[TimeControl "40/5400+30:1800+30"]

1. e4 c6 2. d4 d5 3. exd5 cxd5 4. Bd3 Nc6 5. c3 Nf6 6. h3 e6 7. Nf3 Be7 8. Bf4 O-O 9. O-O h6 10. Re1 Bd6 11. Bxd6 Qxd6 12. Nbd2 a5 13. a4 b6 14. Ne5 Nd7 15. f4 Ba6 16. Ndf3 Bxd3 17. Qxd3 Ne7 18. Nxd7 Qxd7 19. Ne5 Qb7 20. Qb5 Rad8 21. Rab1 Nc8 22. b4 Nd6 23. Qd3 Qc7 24. Rec1 Nc4 25. Nxc4 dxc4 26. Qe4 axb4 27. Rxb4 Rd5 28. g3 Rc8 29. Rcb1 Ra5 30. Qc2 Rb8 31. Kh2 Qc6 32. Qg2 Qc7 33. Qa2 b5 34. Rxb5 Rbxb5 35. Rxb5 Ra6 36. Rc5 Rc6 37. Qxc4 Rxc5 38. Qxc5 Qb7 39. Qb5 Qf3 40. Qb2 Qd3 41. a5 Qa6 42. Qa2 Kf8 43. c4 Ke8 44. Qa4+ Kd8 45. Qb5 Qa8 46. a6 Qe4 47. Qb8+ Kd7 48. Qb7+ Qxb7 49. axb7 Kc7 50. Kg2 Kxb7 51. Kf3 Kc6 52. Ke4 f6 53. f5 Kd6 54. c5+ Kd7 55. fxe6+ Kxe6 56. d5+ Kd7 57. Kf5 Kd8 58. Ke6 h5 59. d6 g5 60. c6 h4 61. gxh4 gxh4 62. d7 f5 63. Kd6 1-0

[Event "46th GRE-chT Premier 2018"]
[Site "Rio Achaia"]
[Date "2018.07.11"]
[Round "2"]
[White "Georgitsi, Antigoni"]
[Black "Bouza, Mirto - Eleni"]
[Result "1-0"]
[ECO "A20"]
[WhiteElo "1811"]
[BlackElo "1299"]
[Annotator "NA"]
[PlyCount "65"]
[EventDate "2018.07.10"]
[EventType "team-tourn"]
[EventCountry "GRE"]
[SourceTitle "playchess.com"]
[Source "ChessBase"]
[SourceQuality "1"]
[TimeControl "40/5400+30:1800+30"]

1. c4 e5 2. g3 Nf6 3. Bg2 Nc6 4. Nc3 d6 5. d3 Ne7 6. Bg5 Ng6 7. Nd5 Be7 8. Nxe7 Qxe7 9. Nf3 O-O 10. O-O h6 11. Bd2 c6 12. Bc3 Re8 13. Qc2 d5 14. cxd5 cxd5 15. Rfd1 Bd7 16. d4 e4 17. Ne5 Nxe5 18. dxe5 Ng4 19. Rxd5 Bc6 20. Rd4 Qxe5 21. h3 Nf6 22. e3 Qe6 23. a4 Bd5 24. Qd2 Rac8 25. Rd1 Bb3 26. Rc1 Nd5 27. Rxe4 Qd7 28. Rd4 Red8 29. e4 Rc5 30. exd5 b6 31. Rg4 g6 32. Qd4 f6 33. Rxg6+ 1-0

[Event "46th GRE-chT Premier 2018"]
[Site "Rio Achaia"]
[Date "2018.07.11"]
[Round "2"]
[White "Stoumbou, Eleni"]
[Black "Maisuradze, Nino"]
[Result "0-1"]
[ECO "B42"]
[WhiteElo "1811"]
[BlackElo "2264"]
[Annotator "NA"]
[PlyCount "66"]
[EventDate "2018.07.10"]
[EventType "team-tourn"]
[EventCountry "GRE"]
[SourceTitle "playchess.com"]
[Source "ChessBase"]
[SourceQuality "1"]
[TimeControl "40/5400+30:1800+30"]

1. e4 c5 2. Nf3 e6 3. d4 cxd4 4. Nxd4 a6 5. Bd3 Nc6 6. Be3 Nf6 7. O-O Qc7 8. c4 Bd6 $14 {[%emt 0:03:29] LiveBook: 3 Games} 9. h3 Be5 10. Bc2 b5 11. c5 Bb7 12. Nc3 Nxd4 13. Bxd4 Rc8 14. b4 Bxd4 15. Qxd4 d6 16. e5 dxc5 17. bxc5 Qxc5 18. Qxc5 Rxc5 19. exf6 Rxc3 20. fxg7 Rg8 21. Rac1 Rxg7 22. g3 Rg5 23. Bxh7 Rxc1 24. Rxc1 Rh5 25. Rc7 Bf3 26. Rc3 Bd5 27. Bc2 Rxh3 28. f4 b4 29. Rc7 Kd8 30. Rc5 Rxg3+ 31. Kf2 Rf3+ 32. Ke2 Rxf4 33. Ke3 Rc4 {[%emt 0:00:19] Kd4} 0-1

[Event "46th GRE-chT Premier 2018"]
[Site "Rio Achaia"]
[Date "2018.07.11"]
[Round "2"]
[White "Liapi Zenebisi, Irini"]
[Black "Zacharia, Aikaterini-Eirini"]
[Result "1-0"]
[ECO "A40"]
[WhiteElo "1788"]
[BlackElo "1234"]
[Annotator "NA"]
[PlyCount "81"]
[EventDate "2018.07.10"]
[EventType "team-tourn"]
[EventCountry "GRE"]
[SourceTitle "playchess.com"]
[Source "ChessBase"]
[SourceQuality "1"]
[TimeControl "40/5400+30:1800+30"]

1. d4 Nf6 2. c4 e6 3. g3 d5 4. Nf3 Bb4+ 5. Bd2 Bd6 6. Bg2 O-O 7. Qc2 c6 8. O-O Nbd7 9. Rd1 Ne4 10. Bc1 f5 11. Bf4 Bxf4 12. gxf4 Qf6 13. Nc3 Qh6 14. e3 Ndf6 15. Ne5 Kh8 16. f3 Nd6 17. Qe2 Nf7 18. b4 Nxe5 19. fxe5 Nh5 20. Re1 f4 21. e4 dxc4 22. Qxc4 g5 23. Qe2 Bd7 24. Na4 b6 25. Nb2 b5 26. Nd3 Qg7 27. Nc5 Rg8 28. Rad1 Rad8 29. Nb7 Rb8 30. Nd6 g4 31. fxg4 Rbf8 32. Bf3 Qg5 33. Kh1 Ng7 34. Rg1 Ne8 35. Nb7 Nc7 36. Nc5 Bc8 37. Qb2 Qe7 38. Qa3 Ne8 39. Qc3 Bd7 40. d5 exd5 41. e6+ 1-0

[Event "46th GRE-chT Premier 2018"]
[Site "Rio Achaia"]
[Date "2018.07.11"]
[Round "2"]
[White "Stamatis, Ioannis"]
[Black "Brokalakis - Gounaris, Christos"]
[Result "0-1"]
[ECO "E01"]
[WhiteElo "1777"]
[BlackElo "1901"]
[Annotator "NA"]
[PlyCount "88"]
[EventDate "2018.07.10"]
[EventType "team-tourn"]
[EventCountry "GRE"]
[SourceTitle "playchess.com"]
[Source "ChessBase"]
[SourceQuality "1"]
[TimeControl "40/5400+30:1800+30"]

1. d4 Nf6 2. c4 e6 3. g3 d5 4. Bg2 Bb4+ 5. Bd2 Bd6 6. Nf3 c6 7. Qc2 Nbd7 8. Bg5 h6 9. Bxf6 Qxf6 10. Nbd2 O-O 11. O-O Re8 12. e4 dxe4 13. Nxe4 Qe7 14. Nxd6 Qxd6 15. Rfd1 Qc7 16. Rd3 c5 17. d5 exd5 18. cxd5 Qd6 19. Nd2 Qg6 20. Rc3 Qxc2 21. Rxc2 b6 22. Ne4 Ba6 23. Nd6 Red8 24. b4 cxb4 25. Rc7 Ne5 26. Nf5 Bb5 27. Re1 Ng6 28. h4 Rd7 29. d6 Rad8 30. h5 Nf8 31. Bd5 a5 32. Re7 Ne6 33. Bxe6 fxe6 34. Nd4 Rxe7 35. dxe7 Rxd4 36. Rb7 Be8 37. Rxb6 Kf7 38. Ra6 a4 39. Ra7 Rd7 40. Ra5 Kxe7 41. Kg2 b3 42. Rxa4 Rb7 43. Rg4 b2 44. Rxg7+ Bf7 0-1

[Event "46th GRE-chT Premier 2018"]
[Site "Rio Achaia"]
[Date "2018.07.11"]
[Round "2"]
[White "Karavitaki, Evaggelia"]
[Black "Kouta, Antonia"]
[Result "1-0"]
[ECO "B85"]
[WhiteElo "1723"]
[BlackElo "1703"]
[Annotator "NA"]
[PlyCount "129"]
[EventDate "2018.07.10"]
[EventType "team-tourn"]
[EventCountry "GRE"]
[SourceTitle "playchess.com"]
[Source "ChessBase"]
[SourceQuality "1"]
[TimeControl "40/5400+30:1800+30"]

1. e4 c5 2. Nf3 e6 3. d4 cxd4 4. Nxd4 Nf6 5. Nc3 d6 6. Be2 a6 7. O-O Nbd7 8. f4 b5 9. a3 Bb7 10. Bd3 Be7 11. Kh1 h5 12. Qe2 Qc7 13. Nf3 Ng4 14. Bd2 Rc8 15. Rae1 Nc5 16. Nd4 Bh4 17. Rd1 Bf6 18. Nf3 Nxd3 19. cxd3 Qb6 20. Rde1 O-O 21. h3 Nh6 22. Be3 Qd8 23. d4 Be7 24. Qf2 a5 25. Ng5 b4 26. axb4 axb4 27. Ne2 Rc2 28. Qf3 g6 29. Qg3 Kg7 30. f5 exf5 31. exf5 Bc8 32. Nxf7 Nxf5 33. Rxf5 Rxf7 34. Bh6+ Kxh6 35. Rxf7 Bh4 36. Qe3+ Bg5 37. Nf4 Qg8 38. Qe8 Qxe8 39. Rxe8 Bxf4 40. Rxf4 Bb7 41. Kg1 Rxg2+ 42. Kf1 Kg5 43. Rf2 Rg3 44. Rh2 Kf6 45. h4 Kf7 46. Rb8 Ba6+ 47. Kf2 Rb3 48. Ke1 Ke6 49. Rb6 Bc4 50. Rg2 Re3+ 51. Kf2 Re2+ 52. Kg1 Rxg2+ 53. Kxg2 b3 54. Kf3 Kd5 55. Ke3 Ke6 56. Ke4 Bd5+ 57. Kf4 Bc4 58. Kg5 Kd5 59. Kxg6 Kxd4 60. Rxd6+ Ke5 61. Rd2 Be6 62. Kxh5 Kf6 63. Rd6 Ke7 64. Rxe6+ Kxe6 65. Kg6 1-0

[Event "46th GRE-chT Premier 2018"]
[Site "Rio Achaia"]
[Date "2018.07.11"]
[Round "2"]
[White "Rousos, Stamatios"]
[Black "Blitsas, Orestis"]
[Result "1-0"]
[ECO "C10"]
[WhiteElo "1700"]
[BlackElo "1584"]
[Annotator "NA"]
[PlyCount "67"]
[EventDate "2018.07.10"]
[EventType "team-tourn"]
[EventCountry "GRE"]
[SourceTitle "playchess.com"]
[Source "ChessBase"]
[SourceQuality "1"]
[TimeControl "40/5400+30:1800+30"]

1. e4 e6 2. d4 d5 3. Nc3 dxe4 4. Nxe4 Nd7 5. Nf3 Ngf6 6. Nxf6+ Nxf6 7. Bd3 c5 8. O-O Be7 9. c3 Bd7 10. Ne5 cxd4 11. cxd4 Rc8 12. Qf3 Bc6 13. Nxc6 bxc6 14. Ba6 Rc7 15. Bf4 Bd6 16. Bd2 Nd5 17. Ba5 Nb6 18. Rac1 Qf6 19. Qxf6 gxf6 20. Rc3 Rg8 21. Rfc1 Kd7 22. Rh3 h6 23. Bd2 c5 24. dxc5 Bxc5 25. b4 Bd6 26. Rxc7+ Kxc7 27. Rxh6 Rg4 28. Rxf6 Rd4 29. Rxf7+ Kc6 30. Bc3 Rd1+ 31. Bf1 Nd5 32. b5+ Kc5 33. Bg7 Nf4 34. g3 1-0

[Event "46th GRE-chT Premier 2018"]
[Site "Rio Achaia"]
[Date "2018.07.11"]
[Round "2"]
[White "Markaki, Sofia"]
[Black "Szczepkowska, Karina"]
[Result "0-1"]
[ECO "C45"]
[WhiteElo "1694"]
[BlackElo "2396"]
[Annotator "NA"]
[PlyCount "86"]
[EventDate "2018.07.10"]
[EventType "team-tourn"]
[EventCountry "GRE"]
[SourceTitle "playchess.com"]
[Source "ChessBase"]
[SourceQuality "1"]
[TimeControl "40/5400+30:1800+30"]

1. e4 e5 2. Nf3 Nc6 3. d4 exd4 4. Nxd4 Nf6 5. Nxc6 bxc6 6. e5 Qe7 7. Qe2 Nd5 8. c4 Ba6 9. b3 g6 10. f4 d6 11. Qf2 Nf6 12. Bb2 dxe5 13. fxe5 Nd7 14. Nd2 Bg7 15. O-O-O O-O 16. Nf3 c5 17. Bd3 Bb7 18. Rhe1 a5 19. Be4 Bxe4 20. Rxe4 Rfe8 21. Kc2 a4 22. Re3 Nf8 23. Nd2 Ne6 24. Nf3 axb3+ 25. axb3 Ra2 26. Ra1 Rxa1 27. Bxa1 c6 28. Re1 h5 29. Bc3 Rb8 30. Qd2 Rd8 31. Qe3 Qd7 32. Ba5 Nd4+ 33. Kb2 Ra8 34. Bb6 Nxf3 35. gxf3 Bxe5+ 36. Qxe5 Qd2+ 37. Kb1 Ra3 38. Qe3 Qa2+ 39. Kc1 Rxb3 40. Qe8+ Kg7 41. Qe5+ Kh7 42. Qe4 Qb2+ 43. Kd1 Rc3 0-1